 Dungeon Crawl Stone Soup version 0.17-a0-877-ga10078a (webtiles) character file.

7948 FedoraBrony69 the Basher (level 11, 0/97 HPs)
             Began as a Minotaur Berserker on Apr 30, 2015.
             Was an Elder of Trog.
             Slain by a gnoll
             ... wielding a +0 spear
             ... summoned by an orc knight
              (1 damage)
             ... in a bailey.
             The game lasted 00:16:25 (6757 turns).

FedoraBrony69 the Basher (Minotaur Berserker)       Turns: 6757, Time: 00:16:25

Health: 0/97       AC: 20    Str: 25    XL:     11   Next: 3%
Magic:  10/10      EV:  7    Int:  4    God:    Trog [****..]
Gold:   516        SH: 12    Dex: 10    Spells: 0 memorised, 10 levels left

rFire  . . .     SeeInvis +     Q - +3 flail
rCold  . . .     Clarity  .     l - +0 plate armour
rNeg   . . .     SustAb   +     x - +0 shield
rPois  .         Gourm    .     S - +0 hat
rElec  .         Spirit   .     G - +0 cloak
rCorr  .         Warding  .     j - +0 pair of gloves
rMut   .         Stasis   .     N - +2 pair of boots
MR     ++...                    (no amulet)
Stlth  ..........               K - ring of see invisible
                                o - ring of sustain abilities

@: exhausted, regenerating, slowed, very slow, very resistant to hostile
enchantments, extremely unstealthy
A: retaliatory headbutt, horns 2
a: Burn Spellbooks, Berserk, Trog's Hand, Brothers in Arms, Renounce Religion


You were in a bailey.
You worshipped Trog.
Trog was greatly pleased with you.
You were very hungry.

You visited 2 branches of the dungeon, and saw 9 of its levels.
You also visited: Bailey.

You collected 516 gold pieces.

Inventory:

Hand weapons
 m - a +2 spear of venom
 Q - a +3 flail (weapon)
 R - a +3 mace
Armour
 j - a +0 pair of gloves (worn)
 l - a +0 plate armour (worn)
 x - a +0 shield (worn)
 G - a +0 cloak (worn)
 N - a +2 pair of boots (worn)
 S - a +0 hat (worn)
Magical staves
 n - an uncursed staff of energy
Jewellery
 o - a ring of sustain abilities (left hand)
 C - an uncursed ring of wizardry
 K - a ring of see invisible (right hand)
Magical devices
 J - a wand of teleportation (4)
Scrolls
 b - a scroll of torment {unknown}
 d - 3 scrolls of teleportation {unknown}
 f - 6 scrolls of remove curse
 g - 9 scrolls of identify {unknown}
 k - 2 scrolls of recharging {unknown}
 p - a scroll of fog {unknown}
 q - 4 scrolls of enchant weapon {unknown}
 r - a scroll of random uselessness {unknown}
 y - 3 scrolls of amnesia {unknown}
 z - a scroll of fear {unknown}
 A - a scroll of noise {unknown}
 B - a scroll of magic mapping {unknown}
 D - a scroll of acquirement {unknown}
Potions
 e - 4 potions of flight {unknown}
 h - 5 potions of haste {unknown}
 i - 5 potions of curing {unknown}
 s - 2 potions of degeneration {unknown}
 t - 2 potions of poison {unknown}
 E - a potion of brilliance {unknown}
 F - 2 potions of berserk rage {unknown}
 I - 5 potions of heal wounds {unknown}
 L - a potion of invisibility {unknown}
 O - a potion of experience {unknown}
 P - 2 potions of might {unknown}
Books
 H - a book of Flames

   Spells                             Type                      Level
   a - Flame Tongue                   Conjuration/Fire             1
   b - Throw Flame                    Conjuration/Fire             2
   c - Conjure Flame                  Conjuration/Fire             3
   d - Inner Flame                    Hexes/Fire                   3
   e - Sticky Flame                   Conjuration/Fire             4
   f - Fireball                       Conjuration/Fire             5
   Trog disapproves of the use of such an item.
Comestibles
 a - 5 chunks of flesh
 c - 9 bread rations
 u - 8 fruits
 v - 3 slices of pizza
 w - 2 meat rations
 M - a beef jerky


   Skills:
 + Level 9.4 Fighting
 * Level 12.5 Maces & Flails
 + Level 9.1 Armour
 - Level 2.1 Dodging
 * Level 10.5 Shields


You had 10 spell levels left.
You didn't know any spells.

Dungeon Overview and Level Annotations

Branches:
Dungeon (8/15)             Temple (1/1) D:5
   Lair: D:8-11

Altars:
Ashenzari
Cheibriados
Dithmenos
Elyvilon
Fedhas
Gozag
Kikubaaqudgha
Makhleb
Nemelex Xobeh
Okawaru
Qazlal
Ru
Sif Muna
Trog
Vehumet
Xom
Yredelemnul
Zin
The Shining One


Innate Abilities, Weirdness & Mutations

You reflexively headbutt those who attack you in melee.
You have a pair of horns on your head.


Message History

Your skin crawls.
You feel resistant to hostile enchantments.
You feel slightly more hungry.
The gnoll dissolves into shadows!
Your ogre hits the orc knight with a giant club!
You block the gnoll's attack.
The orc knight hits your ogre with a halberd!!
You block the gnoll's attack. The gnoll hits you but does no damage.
The orc warrior hits you with a glaive!
* * * LOW HITPOINT WARNING * * *
The gnoll hits you but does no damage.
You catch the helpless orc knight momentarily off-guard.
You sock the orc knight!
The orc knight is severely wounded.
The gnoll dissolves into shadows!
Your ogre hits the orc knight with a giant club!
The orc knight hits you with a halberd!!
* * * LOW HITPOINT WARNING * * *
The gnoll hits you but does no damage. You block the gnoll's attack.
The gnoll hits you from afar with a spear.
You die...

####### ####### #
.......###.....#########
........'.......#.....#.
??.....o.g.......'.....'.
?......o@g.......'.....'.
??....g.O).......'.....'.
.......)'.......#.....#.
.......###.....#########
####### ####### #


You could see an orc knight, an orc warrior, 3 gnolls and a friendly ogre
(berserk).

Vanquished Creatures
  Gastronok (D:8)
  3 orc knights (Bailey)
  The ghost of FedoraBrony69 the Cudgeler, an experienced DsBe of Trog (D:5)
  Sigmund (D:2)
  A wyvern (D:8)
  Menkaure (D:4)
  8 orc warriors
  A phantom (D:8)
  A black bear (D:7)
  2 ice beasts (D:7)
  3 ogres
  4 giant frogs
  A water moccasin zombie (D:5)
  6 scorpions
  10 wights (D:8)
  3 crimson imps
  22 killer bees
  2 jellies (D:5)
  A giant frog zombie (D:5)
  2 hounds
  2 giant frog skeletons
  5 orc wizards
  An orc priest (D:6)
  3 iguanas
  5 worker ants (D:5)
  A hound zombie (D:7)
  A hound skeleton (D:4)
  A worker ant zombie (D:5)
  5 adders
  3 gnolls (D:3)
  A shadow imp (D:7)
  2 oozes
  2 worms
  6 giant geckos
  55 orcs
  A bat skeleton (D:6)
  A bat zombie (D:5)
  2 giant cockroaches
  10 goblins
  10 hobgoblins
  11 jackals
  2 quokkas
  A ball python (D:1)
  9 bats
  4 giant newts
  A jackal zombie (D:5)
  12 kobolds
  A quokka skeleton (D:6)
  14 rats
246 creatures vanquished.

Vanquished Creatures (collateral kills)
  2 orc warriors (Bailey)
  5 gnolls (Bailey)
7 creatures vanquished.

Vanquished Creatures (others)
  An ogre (Bailey)
1 creature vanquished.

Grand Total: 254 creatures vanquished

Notes
Turn   | Place    | Note
--------------------------------------------------------------
     0 | D:1      | FedoraBrony69, the Minotaur Berserker, began the quest for the Orb.
     0 | D:1      | Reached XP level 1. HP: 19/19 MP: 0/0
   151 | D:1      | Reached skill level 4 in Maces & Flails
   157 | D:1      | Reached XP level 2. HP: 20/27 MP: 1/1
   570 | D:1      | Acquired Trog's second power
   780 | D:2      | Reached XP level 3. HP: 33/33 MP: 2/2
   881 | D:2      | Noticed Sigmund
   898 | D:2      | Killed Sigmund
   898 | D:2      | Reached skill level 5 in Maces & Flails
   898 | D:2      | Reached XP level 4. HP: 24/41 MP: 3/3
   898 | D:2      | Reached XP level 5. HP: 27/47 MP: 4/4
  1102 | D:2      | Reached skill level 5 in Fighting
  1441 | D:3      | Reached skill level 6 in Maces & Flails
  1940 | D:4      | Noticed Menkaure
  1951 | D:4      | Killed Menkaure
  1951 | D:4      | Reached XP level 6. HP: 12/56 MP: 5/5
  2974 | D:5      | Entered Level 5 of the Dungeon
  2981 | D:5      | Reached XP level 7. HP: 57/61 MP: 6/6
  3032 | D:5      | Reached skill level 7 in Maces & Flails
  3241 | D:5      | Noticed FedoraBrony69's ghost (experienced DsBe)
  3253 | D:5      | Killed FedoraBrony69's ghost
  3253 | D:5      | Reached skill level 5 in Armour
  3353 | D:5      | Reached skill level 8 in Maces & Flails
  3371 | D:5      | Reached XP level 8. HP: 57/70 MP: 7/7
  3395 | D:5      | Acquired Trog's third power
  3431 | D:5      | Reached skill level 5 in Shields
  3637 | D:5      | Found a staircase to the Ecumenical Temple.
  3657 | Temple   | Entered the Ecumenical Temple
  4075 | D:6      | You fall through a shaft!
  4205 | D:7      | Reached skill level 9 in Maces & Flails
  4312 | D:7      | Reached XP level 9. HP: 79/79 MP: 8/8
  4522 | D:6      | Found a sacrificial altar of Ru.
  5051 | D:7      | Reached skill level 10 in Maces & Flails
  5976 | D:8      | Reached skill level 11 in Maces & Flails
  6003 | D:8      | Reached XP level 10. HP: 60/88 MP: 9/9
  6039 | D:8      | Noticed Gastronok
  6062 | D:8      | Killed Gastronok
  6074 | D:8      | Received a gift from Trog
  6131 | D:8      | Reached skill level 12 in Maces & Flails
  6302 | D:8      | Found a flagged portal.
  6321 | Bailey   | Entered a bailey
  6598 | Bailey   | Noticed an orc knight
  6599 | Bailey   | Noticed an orc knight
  6636 | Bailey   | Killed an orc knight
  6636 | Bailey   | Reached skill level 10 in Shields
  6725 | Bailey   | Noticed an orc knight
  6735 | Bailey   | Noticed an orc knight
  6737 | Bailey   | Killed an orc knight
  6743 | Bailey   | Killed an orc knight
  6743 | Bailey   | Reached XP level 11. HP: 94/97 MP: 10/10
  6757 | Bailey   | HP: 1/97 [orc knight/halberd (21)]
  6757 | Bailey   | Slain by a gnoll

Action                   |  1- 3 |  4- 6 |  7- 9 | 10-12 || total
-------------------------+-------+-------+-------+-------++-------
Melee: Mace              |    56 |   142 |   426 |       ||   624
       Flail             |       |       |     9 |   141 ||   150
Invok: Berserk           |     2 |       |     5 |     5 ||    12
       Trog's Hand       |     1 |       |     3 |     6 ||    10
       Brothers in Arms  |       |       |       |     2 ||     2
  Use: Scroll            |       |       |     2 |     1 ||     3
 Stab: Distracted        |       |       |       |     1 ||     1
  Eat: Chunk             |     1 |     8 |    14 |     8 ||    31
       Beef jerky        |       |       |     1 |       ||     1
